 Dungeon Crawl Stone Soup version 0.30-a0-605-gb2882149bf (webtiles) character file.

Game seed: 14021967942652135838

5264 gelatine the Arsonist (level 10, -11/76 HPs)
             Began as a Demonspawn Fire Elementalist on Jan 7, 2023.
             Was a Believer of Vehumet.
             Mangled by a death yak (25 damage)
             ... on level 9 of the Dungeon.
             The game lasted 00:28:24 (7735 turns).

gelatine the Arsonist (DsFE)                        Turns: 7735, Time: 00:28:24

Health: -11/76     AC:  5    Str:  9    XL:     10   Next: 36%
Magic:  29/29      EV: 14    Int: 21    God:    Vehumet [**....]
Gold:   691        SH:  0    Dex: 13    Spells: 9/22 levels left

rFire   . . .      SeeInvis +    n - +1 dagger (drain)
rCold   . . .      Faith    .    f - orb {light}
rNeg    . . .      Spirit   .    x - +2 robe {Archmagi}
rPois   .          Reflect  .    (helmet unavailable)
rElec   .          Harm     .    O - +0 cloak
rCorr   .          Rampage  .    (no gloves)
Will    .....      Archmagi +    (no boots)
Stlth   +                        i - amulet of magic regeneration
HPRegen 0.32/turn                G - ring of magical power
MPRegen 0.61/turn                (no ring)

@: mighty, glowing
A: antennae 3, hooves 2, powered by pain 2
a: Renounce Religion


You were on level 9 of the Dungeon.
You worshipped Vehumet.
Vehumet was pleased with you.
You visited 2 branches of the dungeon, and saw 10 of its levels.

You collected 691 gold pieces.

Inventory:

Hand Weapons
 m - a +2 dagger of venom
 n - a +1 dagger of draining (weapon)
 u - a +0 rapier
 J - a +2 dagger of speed
 L - a +0 dagger of chaos
 N - a +0 short sword of speed
Missiles
 t - 10 poisoned darts
 v - 6 datura-tipped darts
 H - a throwing net
 I - 3 curare-tipped darts
Armour
 f - an orb of light (worn)
 x - a +2 robe of the Archmagi (worn)
 K - a +1 robe of resistance
 M - +0 acid dragon scales
 O - a +0 cloak (worn)
Jewellery
 i - an amulet of magic regeneration (around neck)
 G - a ring of magical power (left hand)
Wands
 q - a wand of roots (26)
 C - a wand of quicksilver (15)
 D - a wand of charming (24)
Scrolls
 a - a scroll of magic mapping
 c - 5 scrolls of teleportation {unknown}
 g - 2 scrolls of enchant armour {unknown}
 h - a scroll of fog
 o - 3 scrolls of noise {unknown}
 r - 2 scrolls of blinking {unknown}
 y - 3 scrolls of silence {unknown}
 z - a scroll of torment {unknown}
 A - a scroll of enchant weapon {unknown}
 B - 2 scrolls of poison {unknown}
 E - a scroll of immolation {unknown}
 F - a scroll of amnesia {unknown}
Potions
 b - 2 potions of magic
 d - a potion of ambrosia
 e - 2 potions of attraction
 j - 2 potions of mutation
 k - a potion of cancellation
 l - 3 potions of heal wounds
 p - 4 potions of curing
 s - 2 potions of brilliance
 w - a potion of lignification


   Skills:
 * Level 5.7 Fighting
 * Level 4.2 Short Blades
 + Level 2.3 Armour
 * Level 5.5 Dodging
 + Level 4.3 Stealth
 + Level 2.3 Unarmed Combat
 + Level 6.8 Spellcasting
 + Level 5.8 Conjurations
 + Level 0.1 Translocations
 * Level 8.2 Fire Magic
 + Level 0.2 Air Magic
 + Level 2.5 Evocations


You had 9 spell levels left.
You knew the following spells:

 Your Spells              Type           Power      Damage    Failure   Level
a - Foxfire               Conj/Fire      100%       2x1d9     1%          1
b - Scorch                Fire           100%       2d10      1%          2
c - Flame Wave            Conj/Fire      53%        2d13      4%          4
d - Inner Flame           Hex/Fire       36%        N/A       4%          3
e - Kindle Blastsparks    Fire/Tloc/Air  56%        2d14      9%          3

Your spell library contained the following spells:

 Spells                   Type           Power      Damage    Failure   Level
 Sandblast                Erth           20%        2d7       9%          1
 Ignite Poison            Fire/Tmut/Pois 28%        N/A       9%          3
 Call Canine Familiar     Summ           10%        N/A       26%         3
 Gell's Gravitas          Tloc           11%        N/A       26%         3
 Portal Projectile        Hex/Tloc       22%        N/A       26%         3
 Teleport Other           Tloc           11%        N/A       26%         3
 Lightning Bolt           Conj/Air       14%        1d28      56%         5
 Airstrike                Air            6%         2d(1-17)  63%         4
 Leda's Liquefaction      Hex/Erth       5%         N/A       65%         4
 Summon Lightning Spire   Summ/Air       11%        N/A       65%         4
 Freezing Cloud           Conj/Ice/Air   11%        6-21      73%         5
 Dispersal                Tloc           5%         N/A       100%        6


Dungeon Overview and Level Annotations

Branches:
Dungeon (9/15)             Temple (1/1) D:7
   Lair: D:8-11         Orc: D:9-12

Altars:
Ashenzari
Cheibriados
Dithmenos
Fedhas
Gozag
Hepliaklqana
Kikubaaqudgha
Makhleb
Nemelex Xobeh
Okawaru
Qazlal
Ru
Sif Muna
Trog
Uskayaw
Vehumet
Wu Jian
Xom
Yredelemnul

Shops:
D:4 *   D:5 (   D:7 (

Annotations:
D:7 1 runed translucent door


Innate Abilities, Weirdness & Mutations

You have a pair of large antennae on your head. (SInv)
You have hoof-like feet.
You sometimes gain power by taking damage.


Message History

You hear a shout!
The death yak gores you.
An orc wizard comes into view. It is wielding a +0 dagger.
Casting: Flame Wave (dangerous; 4% risk of failure)
Confirm with . or Enter, or press ? or * to list all spells.
You feel a surge of power!
Flames lash the death yak.
The death yak is heavily wounded.
The death yak's fire resistance burns away.
The death yak gores you!
* * * LOW HITPOINT WARNING * * *
You focus on the pain.
You feel your power returning.
Casting: Scorch (safe; 1% risk of failure)
Confirm with . or Enter, or press ? or * to list all spells.
You feel a surge of power!
Flames lash the orc wizard.
The orc wizard is severely wounded.
The orc wizard's fire resistance burns away.
The death yak gores you!
* * * LOW HITPOINT WARNING * * *
You feel much better. The death yak gores you!
* * * LOW HITPOINT WARNING * * *
Aiming: Charm
Press: ? - help, Q - select action, (/) - cycle Shift-Dir - straight line, f - orc wizard
Aim: an orc wizard, wielding a +0 dagger and wearing a +0 robe (severely wounded, more vulnerable to fire, haloed, chance to affect: 55%)
The death yak resists with almost no effort.
The death yak barely misses you.
An orc comes into view. It is wielding a +0 mace.
The orc wizard casts a spell.
The orc wizard flickers and vanishes for a moment.
Aiming: Fastroot
Press: ? - help, Q - select action, (/) - cycle Shift-Dir - straight line, f - death yak, p - orc wizard
Aim: a death yak (moderately wounded, more vulnerable to fire, haloed)
The roots erupt in riotous growth!
Roots grab the death yak.
Roots grab the death yak.
Roots grab the hell rat.
The orc shouts!
The grasping roots constrict the death yak. x2
The grasping roots constrict the hell rat.
The death yak is no longer more vulnerable to fire.
The death yak gores you!!
You die...

#. # {. # { .. ###
#### {{# #.. ..# {#
#.# #.# {# .#
#.#.##.#
####r#...#.#.#.....
#.@YYoo....#.####..
##.####..####.####.#
#...###..####.<....#
##.#.........#####.##
#...).....##.# #.....
#.#.#........# #.##.#
#......)..#..###.###.
###.##.##.#
........ยง #.##.# .#
.###.##.#


You could see 2 death yaks, a hell rat (rooted), an orc wizard (invisible,
combustible) and an orc.

Vanquished Creatures
  Pikel (D:8)
  Maurice (D:8)
  Psyche (D:8)
  A troll (D:9)
  A hornet (D:9)
  Prince Ribbit (D:6)
  A wyvern (D:8)
  Eustachio (D:4)
  An acid dragon (D:8)
  2 water moccasins
  An ice beast (D:7)
  2 orc warriors
  2 sky beasts (D:7)
  A black bear (D:5)
  2 ogres
  2 lemures (D:8)
  2 centaurs
  A kobold brigand (D:8)
  2 bullfrogs
  2 phantoms
  Blork the orc (D:4)
  4 scorpions
  2 necrophages
  A howler monkey (D:9)
  4 hounds
  A gnoll bouda (D:8)
  4 orc priests
  Natasha (thrice) (D:2)
  Terence (D:2)
  4 iguanas
  A human skeleton (D:7)
  9 orc wizards
  Ijyb (D:5)
  Robin (D:2)
  11 gnolls
  8 adders
  2 river rats (D:9)
  2 shadow imps (D:7)
  A white imp (D:5)
  4 ufetubi
  2 dart slugs
  42 orcs
  7 ball pythons
  8 endoplasms
  4 giant cockroaches
  11 goblins
  13 hobgoblins
  2 jackals (D:2)
  4 quokkas
  3 training dummies (D:7)
  6 bats
  A frilled lizard (D:2)
  11 kobolds
  9 rats
216 creatures vanquished.

Vanquished Creatures (others)
  598 foxfires
598 creatures vanquished.

Grand Total: 814 creatures vanquished

Notes
Turn   | Place    | Note
-------+----------+-------------------------------------------
     0 | D:1      | gelatine the Demonspawn Fire Elementalist began the quest
                  | for the Orb.
     0 | D:1      | Reached XP level 1. HP: 13/13 MP: 3/3
   270 | D:1      | Discovered your monstrous ancestry.
   270 | D:1      | Gained mutation: You have a pair of small antennae on your
                  | head. [demonic ancestry]
   270 | D:1      | Reached XP level 2. HP: 19/19 MP: 1/5
   506 | D:1      | Reached skill level 3 in Fire Magic
   913 | D:1      | Gained mutation: You have large cloven feet. [demonic
                  | ancestry]
   913 | D:1      | Reached XP level 3. HP: 24/24 MP: 3/6
  1107 | D:2      | Learned a level 2 spell: Scorch
  1142 | D:2      | Gained mutation: You sometimes gain a little power by
                  | taking damage. [demonic ancestry]
  1142 | D:2      | Reached XP level 4. HP: 30/30 MP: 5/7
  1162 | D:2      | Noticed Robin
  1171 | D:2      | Killed Robin
  1248 | D:2      | Noticed Natasha
  1261 | D:2      | Killed Natasha
  1320 | D:2      | Found a faded altar of an unknown god.
  1358 | D:2      | Noticed Terence
  1374 | D:2      | Killed Terence
  1375 | D:2      | Gained mutation: You sometimes gain power by taking damage.
                  | [demonic ancestry]
  1375 | D:2      | Reached XP level 5. HP: 3/35 MP: 5/9
  1527 | D:2      | Noticed Natasha
  1531 | D:2      | Killed Natasha
  1541 | D:2      | Noticed Natasha
  1544 | D:2      | Killed Natasha
  1733 | D:3      | Reached skill level 5 in Spellcasting
  1733 | D:3      | Reached skill level 5 in Conjurations
  1733 | D:3      | Reached skill level 5 in Fire Magic
  1733 | D:3      | Reached XP level 6. HP: 48/48 MP: 10/13
  2185 | D:3      | Found an iron altar of Okawaru.
  2283 | D:4      | Found Firiuwufot's Lightly-Used Armoury.
  2283 | D:4      | Noticed Blork the orc
  2287 | D:4      | Killed Blork the orc
  2288 | D:4      | Gained mutation: You have a pair of antennae on your head.
                  | [demonic ancestry]
  2288 | D:4      | Reached XP level 7. HP: 34/54 MP: 9/14
  2519 | D:4      | Found a shimmering altar of Xom.
  2541 | D:4      | You fall into a shaft and drop 3 floors!
  2660 | D:5      | Entered Level 5 of the Dungeon
  2990 | D:4      | Gained mutation: You have hoof-like feet. [demonic
                  | ancestry]
  2990 | D:4      | Reached XP level 8. HP: 60/61 MP: 11/16
  3201 | D:4      | Noticed Eustachio
  3205 | D:4      | Killed Eustachio
  3206 | D:4      | Reached skill level 5 in Fighting
  3206 | D:4      | Reached skill level 6 in Fire Magic
  3294 | D:4      | Found an ancient bone altar of Kikubaaqudgha.
  3662 | D:5      | Noticed Ijyb
  3673 | D:5      | Killed Ijyb
  3833 | D:5      | Found Raaroc's Weapon Emporium.
  4224 | D:6      | Noticed Prince Ribbit
  4232 | D:6      | Killed Prince Ribbit
  4386 | D:6      | Reached XP level 9. HP: 68/68 MP: 13/17
  4680 | D:6      | Reached skill level 5 in Dodging
  5178 | D:7      | Found a staircase to the Ecumenical Temple.
  5187 | Temple   | Entered the Ecumenical Temple
  5202 | Temple   | Became a worshipper of Vehumet
  5512 | D:7      | Found a sacrificial altar of Ru.
  5642 | D:7      | Reached skill level 7 in Fire Magic
  5672 | D:7      | Found a runed translucent door.
  5674 | D:7      | Found a basalt altar of Yredelemnul.
  6150 | D:7      | Found Othrant's Firing Range.
  6359 | D:8      | Noticed Pikel
  6380 | D:8      | Killed Pikel
  6628 | D:8      | Learned a level 4 spell: Flame Wave
  6632 | D:8      | Learned a level 3 spell: Inner Flame
  6636 | D:8      | Learned a level 3 spell: Kindle Blastsparks
  6681 | D:8      | Reached * piety under Vehumet
  6681 | D:8      | Offered knowledge of Kiss of Death by Vehumet.
  6842 | D:8      | Noticed Psyche
  6848 | D:8      | Killed Psyche
  6849 | D:8      | Gained mutation: You have a pair of large antennae on your
                  | head. (SInv) [demonic ancestry]
  6849 | D:8      | Reached XP level 10. HP: 61/74 MP: 11/19
  7167 | D:8      | Reached skill level 8 in Fire Magic
  7465 | D:8      | Noticed Maurice
  7473 | D:8      | Killed Maurice
  7637 | D:9      | Reached ** piety under Vehumet
  7637 | D:9      | Offered knowledge of Sandblast by Vehumet.
  7721 | D:9      | Noticed a death yak
  7727 | D:9      | Noticed a death yak
  7735 | D:9      | Mangled by a death yak

Illustrated notes

Levels and vault maps discovered:
D:1:      erik_arrival_triangle_huge, layout_rooms
D:2:      layout_rooms, hellmonk_ecumenical_altar_dog_temple, uniq_natasha,
          uniq_robin, uniq_terence
D:3:      layout_loops_ring, okawaru_altar_gauntlet_db
D:4:      layout_loops_ring, lemuel_coloured_pillars_altar,
          mainiacjoe_overflow_chevrons, minmay_shop_damaged, uniq_eustachio,
          uniq_blork_the_orc
D:5:      layout_basic, serial_shops, shop, uniq_ijyb
D:6:      layout_basic, uniq_prince_ribbit1
D:7:      mumra_celtic_spiral_tile, layout_basic, dk_yredelemnul_ordeal,
          mainiacjoe_overflow_alcove_4, minmay_temple_entry_waves,
          kennysheep_decorative_pillar, nicolae_shop_firing_range
D:8:      minmay_goldmine, layout_loops_ring, uniq_maurice, uniq_pikel,
          uniq_psyche
D:9:      layout_loops_cross, dpeg_lair_monsters, orc_0_dummy
Temple:   nicolae_temple_bog_church

Skill      XL: |  1  2  3  4  5  6  7  8  9 10 |
---------------+-------------------------------+-----
Dodging        | 2 4 5 |  5.5
Fire Magic     | 3 5 6 7 8 |  8.2
Stealth        | 2 3 4 |  4.3
Conjurations   | 2 5 |  5.8
Spellcasting   | 3 5 6 |  6.8
Fighting       | 4 5 |  5.7
Short Blades   | 2 3 4 |  4.2
Armour         | 2 |  2.3
Unarmed Combat | 2 |  2.3
Evocations     | 2 |  2.5
Translocations | |  0.1
Air Magic      | |  0.2

Action                   |  1- 3 |  4- 6 |  7- 9 | 10-12 || total
-------------------------+-------+-------+-------+-------++-------
Melee: Short sword       |    28 |       |       |       ||    28
       Unarmed           |     1 |       |       |       ||     1
       Kick              |     1 |     2 |     9 |     1 ||    13
       Dagger            |       |    18 |    16 |     9 ||    43
 Cast: Foxfire           |    61 |    76 |   185 |    40 ||   362
       Scorch            |     1 |    22 |    86 |    38 ||   147
       Kindle Blastspark |       |       |     4 |     5 ||     9
       Inner Flame       |       |       |     4 |       ||     4
       Flame Wave        |       |       |       |     2 ||     2
Evoke: Wand              |       |       |       |     2 ||     2
  Use: Scroll            |       |     5 |     4 |     3 ||    12
       Potion            |       |     1 |     1 |     2 ||     4
Armor: Robe              |     5 |     2 |     4 |     1 ||    12
Dodge: Dodged            |    33 |    10 |    39 |    12 ||    94

Table legend: (Time is in decaauts)
 A = Elapsed time spent in this place.
 B = Non-inter-level travel time spent in this place.
 C = Inter-level travel time spent in this place.
 D = Time resting spent in this place.
 E = Time spent auto-exploring this place.
 F = Levels seen in this place.
 G = Mean time per level.
                   A        B        C        D        E       F      G
               +--------+--------+--------+--------+--------+-----+--------+
         Total |   7733 |   7584 |    149 |      0 |   6016 |  10 |  773.3 |
       Dungeon |   7532 |   7383 |    149 |      0 |   5845 |   9 |  836.9 |
        Temple |    201 |    201 |      0 |      0 |    171 |   1 |  201.0 |
               +--------+--------+--------+--------+--------+-----+--------+

Top non-repeatable levels by time:
     D:8: 1231 daAuts
     D:7: 1078 daAuts
     D:5: 1016 daAuts
     D:1: 1008 daAuts
     D:6: 977 daAuts
     D:4: 793 daAuts
     D:2: 706 daAuts
     D:3: 564 daAuts
  Temple: 201 daAuts
     D:9: 156 daAuts
